 Dungeon Crawl Stone Soup version 0.25-a0-178-gc9f82b1288 (webtiles) character file.

Game seed: 5812073958527490373, levelgen mode: deterministic

52625 vurker the Stormcaller (level 14, -23/86 HPs)
             Began as a Tengu Air Elementalist on Nov 26, 2019.
             Was an Elder of Vehumet.
             Hit by a large rock thrown by a stone giant (34 damage)
             ... on level 2 of the Orcish Mines.
             The game lasted 00:57:55 (33611 turns).

vurker the Stormcaller (Tengu Air Elementalist)    Turns: 33611, Time: 00:57:56

Health: -23/86     AC:  8    Str:  9    XL:     14   Next: 64%
Magic:  41/46      EV: 15    Int: 21    God:    Vehumet [****..]
Gold:   1617       SH:  5    Dex: 14    Spells: 10/37 levels left

rFire    . . .     SeeInvis .   J - staff of power
rCold    + . .     Gourm    .   r - +0 buckler
rNeg     . . .     Faith    .   o - +2 robe {Archmagi}
rPois    +         Spirit   .   (helmet restricted)
rElec    .         Reflect  .   a - +0 cloak {rPois}
rCorr    .         Harm     .   D - +0 pair of gloves
MR       +....                  (boots unavailable)
Stlth    ++........             (no amulet)
HPRegen  0.24/turn              k - ring of protection from cold
MPRegen  0.30/turn              A - +2 ring of protection

@: flying quickly and evasively, quick
A: beak, talons 3, able to fly
a: Stop Flying, Renounce Religion


You were on level 2 of the Orcish Mines.
You worshipped Vehumet.
Vehumet was greatly pleased with you.
You were not hungry.

You visited 4 branches of the dungeon, and saw 21 of its levels.

You collected 1617 gold pieces.

Inventory:

Missiles
 E - 5 throwing nets (quivered)
Armour
 a - a +0 cloak of poison resistance (worn)
   (You took it off Maurice on level 8 of the Dungeon)
 o - a +2 robe of the Archmagi (worn)
   (You found it on level 4 of the Dungeon)
 r - a +0 buckler (worn)
   (You found it on level 1 of the Dungeon)
 D - a +0 pair of gloves (worn)
   (You found it on level 1 of the Dungeon)
Magical Staves
 J - an uncursed staff of power (weapon)
   (You found it on level 4 of the Lair of Beasts)
Jewellery
 j - an uncursed ring of see invisible
   (You found it on level 5 of the Dungeon)
 k - a ring of protection from cold (left hand)
   (You found it on level 1 of the Dungeon)
 l - an uncursed ring of fire
   (You found it on level 2 of the Dungeon)
 s - an uncursed amulet of the gourmand {unknown}
   (You found it on level 6 of the Lair of Beasts)
 A - a +2 ring of protection (right hand)
   (You found it on level 8 of the Dungeon)
Wands
 c - a wand of disintegration (20)
   (You took it off Maurice on level 8 of the Dungeon)
 v - a wand of digging (6)
   (You found it on level 8 of the Dungeon)
 G - a wand of clouds (5)
   (You found it on level 4 of the Lair of Beasts)
 L - a wand of enslavement (4)
   (You found it on level 6 of the Lair of Beasts)
 M - a wand of scattershot (2)
   (You found it on level 6 of the Lair of Beasts)
Scrolls
 d - 9 scrolls of teleportation
 f - 2 scrolls of identify
 w - a scroll of immolation
 y - 8 scrolls of remove curse
 z - 3 scrolls of enchant armour
 C - 4 scrolls of fog
 F - a scroll of silence
 H - a scroll of magic mapping
 I - a scroll of fear
 K - a scroll of brand weapon
Potions
 b - a potion of brilliance
 g - 3 potions of mutation
 h - a potion of invisibility
 i - 13 potions of curing
 m - 5 potions of haste
 n - 4 potions of cancellation
 p - 2 potions of agility
 q - a potion of magic
 t - 4 potions of lignification
 u - 2 potions of might
 B - 2 potions of heal wounds
Comestibles
 e - 23 rations


   Skills:
 + Level 9.6 Fighting
 - Level 2.1 Dodging
 - Level 2.0 Stealth
 - Level 4.0 Shields
 * Level 12.3 Spellcasting
 * Level 16.4 Conjurations
 * Level 16.7 Air Magic


You had 10 spell levels left.
You knew the following spells:

 Your Spells              Type           Power        Failure   Level  Hunger
a - Lightning Bolt        Conj/Air       #######...   1%          5    ####...
b - Orb of Destruction    Conj           #######...   1%          7    #######
c - Airstrike             Air            #######...   1%          4    None
d - Irradiate             Conj/Tmut      ######....   1%          5    ####...
z - Conjure Ball Lightni  Conj/Air       #######...   1%          6    #####..

Your spell library contained the following spells:

 Spells                   Type           Power        Failure   Level  Hunger
 Shock                    Conj/Air       ####         0%          1    None
 Static Discharge         Conj/Air       #######.     0%          3    None
 Swiftness                Chrm/Air       ######..     1%          2    None
 Iskenderun's Battlesphe  Conj/Chrm      ######..     1%          5    ####...
 Venom Bolt               Conj/Pois      ######....   1%          5    ####...
 Animate Skeleton         Necr           N/A          4%          1    None
 Corona                   Hex            ###....      4%          1    None
 Pain                     Necr           ###.         4%          1    None
 Inner Flame              Hex/Fire       ###.....     4%          3    None
 Bolt of Magma            Conj/Fire/Erth ######....   4%          5    ####...
 Iron Shot                Conj/Erth      ######....   7%          6    #####..
 Passwall                 Tmut/Erth      ###.....     8%          2    None
 Slow                     Hex            ###.....     8%          2    None
 Portal Projectile        Hex/Tloc       ###...       16%         3    None
 Regeneration             Chrm/Necr      ###.......   16%         3    None
 Vampiric Draining        Necr           ###.......   16%         3    None
 Lee's Rapid Deconstruct  Erth           ###.......   32%         5    ####...
 Spellforged Servitor     Conj/Summ      ######....   36%         7    #######
 Animate Dead             Necr           N/A          45%         4    None
 Cause Fear               Hex            ###.......   45%         4    None
 Leda's Liquefaction      Hex/Erth       ###.......   45%         4    None
 Passage of Golubria      Tloc           N/A          45%         4    None
 Darkness                 Hex            ###.......   100%        6    #####..
 Invisibility             Hex            ###.....     100%        6    #####..
 Haunt                    Necr/Summ      ###.......   100%        7    #######
 Borgnjor's Revivificati  Necr           ###.......   100%        8    #######
 Death's Door             Chrm/Necr      ###.......   100%        8    #######
 Infestation              Necr           ###.......   100%        8    #######
 Necromutation            Tmut/Necr      ###.......   100%        8    #######


Dungeon Overview and Level Annotations

Branches:
Dungeon (12/15)            Temple (1/1) D:6            Lair (6/6) D:9
 Shoals (0/4) Lair:3        Snake (0/4) Lair:2        Slime (0/5) Lair:6
    Orc (2/2) D:10
    Elf: Orc:2

Altars:
Ashenzari
Cheibriados
Dithmenos
Elyvilon
Fedhas
Gozag
Hepliaklqana
Kikubaaqudgha
Makhleb
Nemelex Xobeh
Okawaru
Qazlal
Ru
Sif Muna
Trog
Uskayaw
Vehumet
Wu Jian
Xom
Yredelemnul
Zin
The Shining One
Beogh

Shops:
D:10 }


Innate Abilities, Weirdness & Mutations

You have a beak for a mouth.
You have claws for feet.
You can fly continuously.


Message History

Found 24 gold pieces.
You now have 1481 gold pieces (gained 26).
You now have 1500 gold pieces (gained 19).
You now have 1517 gold pieces (gained 17).
You now have 1541 gold pieces (gained 24).
Found 18 gold pieces.
You now have 1559 gold pieces (gained 18).
There is a stone staircase leading down here.
You now have 1579 gold pieces (gained 20).
You now have 1593 gold pieces (gained 14).
Done exploring.
Done exploring.
Done exploring.
Done exploring.
Done exploring.
There is a stone staircase leading down here.
You fly downwards.
Found 53 gold pieces.
There is a stone staircase leading up here.
You now have 1617 gold pieces (gained 24).
A stone giant comes into view.
You see here 17 gold pieces.
A stone giant is nearby!
You feel a surge of power!
You create some ball lightning!
The stone giant shouts! 3 ball lightnings come into view.
The stone giant throws a large rock.
The large rock misses you.
Your ball lightning explodes!
The blast of lightning engulfs your ball lightning.
Your ball lightning completely resists.
The blast of lightning engulfs your ball lightning.
Your ball lightning completely resists.
The blast of lightning engulfs the stone giant!!
You hear a shout! x3
Your ball lightning explodes!
The blast of lightning engulfs your ball lightning.
Your ball lightning completely resists.
The blast of lightning engulfs the stone giant!!
The stone giant throws a large rock.
The large rock hits you!!!
Ouch! That really hurt!
* * * LOW HITPOINT WARNING * * *
You hear a shout!
Your ball lightning explodes!
The blast of lightning engulfs the stone giant!!
The stone giant throws a large rock.
The large rock hits you!
* * * LOW HITPOINT WARNING * * *
You hear a shout!
You see here a large rock.
The stone giant throws a large rock.
The large rock hits you!!
You die...

### ##.## ##...##
#..((@##
#......##
#....(..#
#..........#
......$....##
..............
...............
.........#....C..
.....#.###......


You could see a stone giant.

Vanquished Creatures
  Kirke (Lair:5)
  Snorg (D:11)
  An ettin (Orc:1)
  A fire dragon (D:9)
  Harold (Orc:1)
  A hydra (Lair:6)
  An anaconda (Lair:5)
  11 death yaks
  4 oklob plants (Lair:6)
  An ugly thing (D:11)
  An orc sorcerer (Orc:1)
  A cyclops (Orc:1)
  Maurice (D:8)
  3 black mambas
  10 elephants
  10 spiny frogs
  8 komodo dragons
  4 trolls
  7 polar bears
  A slime creature (Lair:6)
  9 blink frogs
  4 hornets
  2 dream sheep (Lair:6)
  8 hippogriffs
  A shadow (D:11)
  13 spriggans (Lair:6)
  A vampire (D:10)
  A wyvern (Lair:4)
  3 hogs (Lair:5)
  A wraith (D:10)
  A basilisk (Lair:6)
  23 yaks
  Menkaure (D:7)
  A hungry ghost (D:11)
  4 wargs (D:10)
  An acid dragon (D:11)
  26 water moccasins
  8 porcupines
  3 ice beasts (D:11)
  2 sky beasts
  10 orc warriors
  2 black bears (Lair:6)
  A phantom (D:4)
  5 boggarts (Lair:6)
  17 wolves
  10 centaurs
  7 ogres
  12 crocodiles
  16 bullfrogs
  3 big kobolds
  A wyvern zombie (D:11)
  A water moccasin zombie (D:7)
  7 scorpions
  12 killer bees
  8 wights
  2 electric eels (Lair:1)
  4 howler monkeys
  7 crimson imps
  7 hounds
  A centaur zombie (D:9)
  4 jellies
  11 orc wizards
  9 orc priests
  A centaur skeleton (D:8)
  4 bullfrog skeletons
  8 worker ants
  A killer bee zombie (D:8)
  2 hound zombies (D:11)
  A hound skeleton (D:5)
  3 worker ant zombies
  A howler monkey skeleton (D:4)
  14 adders
  2 river rats (Lair:3)
  3 shadow imps
  6 oozes
  An adder zombie (D:5)
  An adder skeleton (D:4)
  4 dart slugs
  7 leopard geckos
  78 orcs
  3 giant cockroaches
  8 goblins
  12 hobgoblins
  20 jackals
  22 kobolds
  2 quokkas
  4 ball pythons
  A ball python zombie (D:5)
  5 bats
  5 frilled lizards
  2 leopard gecko skeletons
  7 rats
  A plant (Lair:3)
568 creatures vanquished.

Vanquished Creatures (others)
  7 ball lightnings
  A kobold (D:11)
  4 bushes
  12 fungi
  23 plants
47 creatures vanquished.

Grand Total: 615 creatures vanquished

Notes
Turn   | Place    | Note
-------+----------+-------------------------------------------
     0 | D:1      | vurker the Tengu Air Elementalist began the quest for the
                  | Orb.
     0 | D:1      | Reached XP level 1. HP: 10/10 MP: 4/4
    69 | D:1      | Reached XP level 2. HP: 4/16 MP: 0/6
   524 | D:1      | Reached XP level 3. HP: 7/20 MP: 0/7
  1291 | D:2      | Reached skill level 1 in Fighting
  1678 | D:2      | Reached XP level 4. HP: 25/25 MP: 3/8
  1684 | D:2      | Learned a level 4 spell: Airstrike
  1876 | D:2      | Found a white marble altar of Elyvilon.
  2261 | D:3      | Reached skill level 5 in Air Magic
  3136 | D:3      | Found a glowing silver altar of Zin.
  3137 | D:3      | Noticed an angel
  3477 | D:4      | Gained mutation: You can fly continuously. [Tengu growth]
  3477 | D:4      | Reached XP level 5. HP: 19/29 MP: 2/10
  3665 | D:4      | Found the +8 glaive of the Guard {elec, +Rage AC+5 SInv}
  3796 | D:4      | Noticed an ogre
  3799 | D:4      | Killed an ogre
  3799 | D:4      | Reached XP level 6. HP: 35/35 MP: 1/12
  3903 | D:4      | Noticed a phantom
  3913 | D:4      | Killed a phantom
  4220 | D:4      | Learned a level 5 spell: Lightning Bolt
  4530 | D:4      | Reached skill level 5 in Conjurations
  4530 | D:4      | Reached XP level 7. HP: 23/40 MP: 10/13
  4767 | D:5      | Entered Level 5 of the Dungeon
  5078 | D:5      | Found a sacrificial altar of Ru.
  5307 | D:5      | Reached XP level 8. HP: 46/46 MP: 0/15
  6178 | D:6      | Reached skill level 5 in Spellcasting
  6415 | D:6      | Found a staircase to the Ecumenical Temple.
  6425 | Temple   | Entered the Ecumenical Temple
  6517 | Temple   | Became a worshipper of Vehumet
  6802 | D:6      | Reached XP level 9. HP: 43/52 MP: 0/18
  7224 | D:6      | Found a sacrificial altar of Ru.
  7228 | D:6      | Found an ancient bone altar of Kikubaaqudgha.
  7267 | D:6      | Found a snail-covered altar of Cheibriados.
  7540 | D:7      | Reached * piety under Vehumet
  7540 | D:7      | Offered knowledge of Sting by Vehumet.
  7616 | D:7      | Noticed Menkaure
  7618 | D:7      | Killed Menkaure
  7711 | D:7      | Found an iron altar of Okawaru.
  8187 | D:7      | Reached ** piety under Vehumet
  8300 | D:7      | Offered knowledge of Magic Dart by Vehumet.
  8350 | D:7      | Reached skill level 10 in Air Magic
  8941 | D:7      | Found a glowing golden altar of the Shining One.
  9066 | D:8      | Noticed a hornet
  9069 | D:8      | Killed a hornet
  9069 | D:8      | Reached skill level 5 in Fighting
  9084 | D:8      | Reached XP level 10. HP: 52/59 MP: 8/21
  9493 | D:8      | Noticed Maurice
  9498 | D:8      | Killed Maurice
  9498 | D:8      | Reached skill level 10 in Conjurations
 10079 | D:8      | Offered knowledge of Conjure Flame by Vehumet.
 10331 | D:8      | Found a shimmering altar of Xom.
 10343 | D:8      | Found a stormy altar of Qazlal.
 10343 | D:8      | Found a hide-covered altar of Uskayaw.
 10712 | D:9      | Found a staircase to the Lair.
 10715 | D:9      | Noticed a fire dragon
 12364 | D:9      | Killed a fire dragon
 12364 | D:9      | Reached *** piety under Vehumet
 12364 | D:9      | Reached XP level 11. HP: 64/64 MP: 5/24
 12656 | D:10     | Entered Level 10 of the Dungeon
 12844 | D:10     | Found Ziul's Gadget Boutique.
 13273 | D:10     | Offered knowledge of Stone Arrow by Vehumet.
 13492 | D:10     | Found a snail-covered altar of Cheibriados.
 13825 | D:10     | Found a staircase to the Orcish Mines.
 14142 | D:11     | Noticed Snorg
 14253 | D:11     | Noticed a green ugly thing
 14260 | D:11     | Killed a green ugly thing
 14260 | D:11     | Reached **** piety under Vehumet
 14654 | D:11     | Offered knowledge of Force Lance by Vehumet.
 15438 | D:11     | Killed Snorg
 15967 | Lair:1   | Entered Level 1 of the Lair of Beasts
 16661 | Lair:1   | Reached XP level 12. HP: 72/72 MP: 18/26
 18324 | Lair:2   | Reached skill level 10 in Spellcasting
 19117 | Lair:2   | Found a staircase to the Snake Pit.
 19237 | Lair:3   | Found a staircase to the Shoals.
 19244 | Lair:3   | Reached ***** piety under Vehumet
 19508 | Lair:3   | Offered knowledge of Iskenderun's Mystic Blast by Vehumet.
 19635 | Lair:3   | Learned a level 4 spell: Iskenderun's Mystic Blast
 21474 | Lair:4   | Reached skill level 1 in Shields
 21994 | Lair:4   | Reached XP level 13. HP: 78/78 MP: 28/28
 22884 | Lair:5   | Noticed Kirke
 22951 | Lair:5   | Killed Kirke
 22951 | Lair:5   | Reached skill level 15 in Air Magic
 23976 | Lair:6   | Entered Level 6 of the Lair of Beasts
 24493 | Lair:5   | HP: 1/79 [spiny frog (12)]
 25752 | Lair:5   | Reached skill level 15 in Conjurations
 26718 | Lair:6   | Offered knowledge of Irradiate by Vehumet.
 27387 | Lair:5   | Reached XP level 14. HP: 34/86 MP: 24/30
 29100 | Lair:6   | Learned a level 5 spell: Irradiate
 29499 | Lair:6   | Found a staircase to the Slime Pits.
 30051 | D:10     | Learned a level 7 spell: Orb of Destruction
 31035 | Lair:6   | Found a staircase to the Slime Pits.
 31296 | Orc:1    | Entered Level 1 of the Orcish Mines
 32038 | D:10     | Offered knowledge of Conjure Ball Lightning by Vehumet.
 32329 | Orc:1    | Noticed Harold
 32571 | Orc:1    | Killed Harold
 32994 | Orc:1    | Learned a level 6 spell: Conjure Ball Lightning
 33042 | Orc:1    | Found a roughly hewn altar of Beogh.
 33602 | Orc:2    | Entered Level 2 of the Orcish Mines
 33605 | Orc:2    | Noticed a stone giant
 33611 | Orc:2    | Hit by a large rock thrown by a stone giant

Levels and vault maps discovered:
D:1:      lightli_arrival_statue_moat, layout_rooms
D:2:      layout_basic, elyvilon_altar_5
D:3:      corexii_shack_village, layout_basic, zin_angel
D:4:      kennysheep_six_static_rooms, layout_loops_ring, first_ration
D:5:      layout_basic, nicolae_ru_sacrificial_ziggurat
D:6:      layout_cave_pools, grunt_temple_overflow_open,
          minmay_temple_entry_butterflies
D:7:      layout_basic, okawaru_gym_becter, tso_oasis_becter, uniq_menkaure
D:8:      layout_loops_cross, gammafunk_temple_overflow_forgotten,
          grunt_ogre_cave, uniq_maurice
D:9:      layout_layer_cave, minmay_lair_entry_lava
D:10:     layout_basic, minmay_orc_entry_guard_dogs, serial_shops,
          nicolae_shop_trees, basic_altar
D:11:     layout_rooms, uniq_snorg
D:12:     layout_loops_ring
Temple:   minmay_temple_bridge_abc
Lair:1:   layout_roguey, fungi_pond_lemuel, st_stairs_13, minivault_24,
          grunt_megastairs_5, infiniplex_staircase_pool
Lair:2:   layout_regular_city, minmay_snake_entry_six_corridors, st_stairs_12,
          serial_bayou_shore_b
Lair:3:   layout_chaotic_city, shoals_dummy_entry,
          chequers_serial_rivers_micro_b, pond
Lair:4:   layout_roguey, serial_bayou_shore_a
Lair:5:   layout_regular_city, uniq_kirke
Lair:6:   minmay_lair_end_enchanted_forest, layout_cave_pods,
          minmay_slime_entry_pillars, minmay_lair_oklob_chamber,
          grunt_megastairs_1
Orc:1:    layout_diamond_mine, mines2_david, uniq_harold
Orc:2:    st_orc_town, layout_diamond_mine, uniq_jorgrun

Skill      XL: |  1  2  3  4  5  6  7  8  9 10 11 12 13 14 |
---------------+-------------------------------------------+-----
Conjurations   | 2 3 4 5 6 7 9 11 12 14 15 16 | 16.4
Fighting       | 1 2 3 5 6 7 8 9 |  9.6
Air Magic      | 5 6 7 8 10 11 13 14 15 16 | 16.7
Spellcasting   | 3 4 5 7 8 9 10 11 12 | 12.3
Shields        | 2 4 |  4.0
Dodging        | |  2.1
Stealth        | |  2.0

Action                   |  1- 3 |  4- 6 |  7- 9 | 10-12 | 13-15 || total
-------------------------+-------+-------+-------+-------+-------++-------
Melee: Unarmed           |     8 |       |       |       |       ||     8
       Dagger            |    11 |       |       |       |       ||    11
       Kick              |     3 |     3 |     3 |     7 |     1 ||    17
       Peck              |     1 |     2 |     1 |     7 |       ||    11
       Glaive            |       |    10 |    50 |    67 |       ||   127
       Staff             |       |       |       |     2 |     2 ||     4
 Cast: Shock             |    65 |    93 |   201 |   326 |     3 ||   688
       Airstrike         |       |     4 |    35 |   250 |   373 ||   662
       Lightning Bolt    |       |       |     2 |    41 |    55 ||    98
       Orb of Destructio |       |       |       |       |    10 ||    10
       Conjure Ball Ligh |       |       |       |       |     4 ||     4
 Abil: Fly               |       |     1 |       |       |       ||     1
Evoke: Wand              |       |       |       |     1 |     2 ||     3
  Use: Scroll            |       |    10 |     4 |    13 |     5 ||    32
       Potion            |       |       |       |     1 |     3 ||     4
 Stab: Sleeping          |       |     1 |     2 |       |       ||     3
       Distracted        |       |       |     1 |     1 |       ||     2
  Eat: Chunk             |     3 |     7 |    14 |    51 |    29 ||   104
       Ration            |       |     1 |     1 |     4 |     7 ||    13
Armor: Robe              |     2 |    10 |    16 |    77 |    33 ||   138
Dodge: Dodged            |    15 |    18 |    65 |   201 |   107 ||   406
Block: Buckler           |       |       |       |     1 |    51 ||    52

Table legend:
 A = Non-vault XP
 B = Vault XP
 C = Vault XP percentage of total XP
 D = Non-vault monster count
 E = Vault monster count
 F = Vault count percentage of total count
                 A         B        C        D         E       F
            +---------+---------+-------+---------+---------+-------
      Total |   50539 |   24640 |  32.8 |     442 |     125 |  22.0
            +---------+---------+-------+---------+---------+-------
        D:1 |      48 |       0 |   0.0 |      25 |       0 |   0.0
        D:2 |      47 |       0 |   0.0 |      15 |       0 |   0.0
        D:3 |      32 |      15 |  31.9 |      13 |       7 |  35.0
        D:4 |     411 |     125 |  23.3 |      23 |       5 |  17.9
        D:5 |     846 |       0 |   0.0 |      28 |       0 |   0.0
        D:6 |    1035 |       0 |   0.0 |      27 |       0 |   0.0
        D:7 |    1641 |     172 |   9.5 |      48 |       1 |   2.0
        D:8 |    1714 |     593 |  25.7 |      28 |       2 |   6.7
        D:9 |    2023 |    1039 |  33.9 |      23 |       1 |   4.2
       D:10 |    2386 |     632 |  20.9 |      49 |      10 |  16.9
       D:11 |    3397 |    1140 |  25.1 |      39 |       1 |   2.5
     Lair:1 |    3660 |       0 |   0.0 |      18 |       0 |   0.0
     Lair:2 |    2101 |    2040 |  49.3 |      11 |      21 |  65.6
     Lair:3 |    2794 |     296 |   9.6 |      10 |       5 |  33.3
     Lair:4 |    7557 |       0 |   0.0 |      25 |       0 |   0.0
     Lair:5 |    9384 |    4340 |  31.6 |      22 |      12 |  35.3
     Lair:6 |    7861 |   13219 |  62.7 |      19 |      57 |  75.0
      Orc:1 |    3602 |    1029 |  22.2 |      19 |       3 |  13.6
            +---------+---------+-------+---------+---------+-------
